Description

teste

Replay - ADEPT ORACLE to void rays

Build Order

Get SALT Encoding   

  12  0:00  Probe  
  13  0:12  Probe  
  14  0:20  Pylon  
  14  0:25  Probe  
  15  0:30  Assimilator  
  15  0:38  Probe  
  16  0:44  Gateway  
  16  0:50  Probe (Chrono Boost)  
  17  1:00  Probe x2 (Chrono Boost)  
  19  1:16  Probe  
  20  1:28  Probe  
  21  1:33  Cybernetics Core  
  21  1:43  Nexus  
  21  1:47  Pylon  
  21  1:50  Probe  
  22  2:01  Assimilator  
  23  2:11  Stargate  
  23  2:14  Adept  
  26  2:34  Assimilator  
  27  2:44  Adept  
  30  2:55  Oracle  
  33  3:17  Stargate  
  35  3:30  Pylon  
Spawning Tool Build Advisor. Get it on Overwolf

Go to:

Details

  • Created by: fernandao17
  • Published on: Nov 26, 2022
  • Modified on: Nov 26, 2022
  • Patch: 4.11.0
  • Difficulty: Hard
Show
View Real Time Build Order
Export as new Build Order

Comments (0)

There are no comments. Be the first!

Create an account to comment!